 Dungeon Crawl Stone Soup version 0.31.0-11-ge490571c62 (webtiles) character file.

Game seed: 14618303744797468377

51 qw the Shooter (level 3, 0/20 HPs)
             Began as a Deep Elf Hunter on Feb 5, 2024.
             Slain by a goblin
             ... wielding a +0 dagger
             ... led by Robin
              (2 damage)
             ... on level 2 of the Dungeon.
             The game lasted 00:00:13 (1212 turns).

qw the Shooter (Deep Elf Hunter)                    Turns: 1212, Time: 00:00:13

Health: 0/20       AC:  3    Str: 10    XL:     3   Next: 58%
Magic:  5/5        EV: 12    Int: 13    God:
Gold:   65         SH:  0    Dex: 18    Spells: 2/2 levels left

rFire   . . .        a - +0 shortbow
rCold   . . .        (shield currently unavailable)
rNeg    . . .        c - +0 leather armour
rPois   .            (no helmet)
rElec   .            (no cloak)
rCorr   .            (no gloves)
SInv    .            (no boots)
Will    .....        (no amulet)
Stlth   ++           (no ring)
HPRegen 0.23/turn    (no ring)
MPRegen 0.09/turn

%: no passive effects
@: about to teleport
A: no striking features
a: no special abilities


You were on level 2 of the Dungeon.
You visited 1 branch of the dungeon, and saw 2 of its levels.

You collected 65 gold pieces.


   Skills:
 - Level 1.5 Fighting
 + Level 7.1 Ranged Weapons
 - Level 2.4 Dodging
 - Level 1.2 Stealth


You had 2 spell levels left.
You didn't know any spells.
Your spell library was empty.

Inventory:

Hand Weapons
 a - a +0 shortbow (weapon)
Armour
 c - a +0 leather armour (worn)
Jewellery
 d - an amulet of regeneration
Scrolls
 f - a scroll of blinking {unknown}
 g - a scroll of enchant weapon {unknown}
Potions
 b - a potion of magic {unknown}
 e - a potion of degeneration {unknown}
 h - 2 potions of curing

Dungeon Overview and Level Annotations

Branches:
Dungeon (2/15)

Altars:


Message History

You hear a shout!
A goblin comes into view. It is wielding a +0 dagger.
A hobgoblin comes into view.
Robin roars a battlecry!
The goblins go into a battle-frenzy!
The goblin misses you.
You shoot an arrow. The arrow hits Robin.
Robin is lightly wounded.
Robin throws the goblin at you! The goblin hits you but does no damage.
The goblin misses you.
A goblin comes into view. It is wielding a +0 dagger.
Robin completely misses you.
You shoot an arrow. The arrow closely misses Robin.
The goblin barely misses you.
Robin roars a battlecry!
The hobgoblin goes into a battle-frenzy!
The goblin hits you with a +0 club.
You shoot an arrow.
The arrow hits Robin but does no damage.
Robin is lightly wounded.
The goblin hits you with a +0 dagger. Robin throws the goblin at you!
The goblin closely misses you.
You shoot an arrow. The arrow hits Robin!
Robin is severely wounded.
The goblin hits you but does no damage. The goblin hits you with a +0 club.
Robin hits you with a +0 club.
1210 ||| READING scroll of teleportation.
As you read the scroll of teleportation, it crumbles to dust.
You feel strangely unstable.
The goblin barely misses you. x2; The goblin hits you with a +0 club.
You shoot an arrow. The arrow hits Robin!
You kill Robin!
The goblin barely misses you. The goblin misses you.
A hobgoblin comes into view.
The goblin hits you but does no damage.
Your Ranged Weapons skill increases to level 7!
You shoot an arrow. The arrow hits the goblin!
You kill the goblin!
The goblin hits you with a +0 dagger.
You die...

.. ..#
#..................## .
....
#.#+####.........#.##
... ...#. #...#######.#.
#####.####.............
#.......########.#.
#.#####.# #...
.#####.#####.########..#
........)...............
......)@g...............
####.#g#####.#######....
#g #.# ###..... .g #.#
#....... )#. #.#
#.##.... #.#. .#
#.####.##.... . #.
..##.......#.... #. #.
#..#.......#....
##.........#....


You could see 2 hobgoblins and 2 goblins.

Vanquished Creatures
  Robin (D:2)
  A dart slug (D:2)
  2 endoplasms
  4 giant cockroaches
  8 goblins
  2 hobgoblins (D:1)
  4 jackals (D:2)
  A quokka (D:1)
  2 ball pythons (D:1)
  A bat (D:1)
  4 frilled lizards
  3 kobolds
  5 rats
38 creatures vanquished.

Notes
Turn   | Place    | Note
-------+----------+-------------------------------------------
     0 | D:1      | qw the Deep Elf Hunter began the quest for the Orb.
     0 | D:1      | Reached XP level 1. HP: 12/12 MP: 3/3
     0 | D:1      | 0 ||| qw: Version: 0.3-a-160-g6735b56
     0 | D:1      | 0 ||| qw: Game counter: 6199
     0 | D:1      | 0 ||| qw: Melee chars always use a shield: true
     0 | D:1      | 0 ||| qw: God list: Okawaru
     0 | D:1      | 0 ||| qw: Allow faded altars: false
     0 | D:1      | 0 ||| qw: Do Orc after clearing Dungeon:15 true
     0 | D:1      | 0 ||| qw: Do second Lair branch before Depths: true
     0 | D:1      | 0 ||| qw: Lair rune preference: random
     0 | D:1      | 0 ||| qw: Goals: Normal
     0 | D:1      | 0 ||| PLANNING D:1-11
   324 | D:1      | Reached XP level 2. HP: 16/16 MP: 4/4
   382 | D:1      | Reached skill level 6 in Ranged Weapons
   604 | D:1      | 604 ||| READING scroll labelled ZAINIA CARI.
   609 | D:1      | 609 ||| READING scroll labelled BURUIROTZI.
   710 | D:1      | 710 ||| READING 3 scrolls labelled BATRYU BULLE.
   710 | D:1      | 710 ||| IDENTIFYING 2 emerald potions
   711 | D:1      | 711 ||| READING 2 scrolls of identify.
   711 | D:1      | 711 ||| IDENTIFYING 2 green potions
   712 | D:1      | 712 ||| READING scroll of identify.
   712 | D:1      | 712 ||| IDENTIFYING scroll labelled VAEMUT ZOHE
   713 | D:1      | 713 ||| DROPPING scroll of butterflies.
   714 | D:1      | 714 ||| DROPPING scroll of immolation.
   715 | D:1      | 715 ||| DROPPING 2 potions of brilliance.
   788 | D:2      | Found a faded altar of an unknown god.
  1107 | D:2      | Reached XP level 3. HP: 15/20 MP: 5/5
  1198 | D:2      | Noticed Robin
  1209 | D:2      | HP: 5/20 [Robin/+0 club (2)]
  1210 | D:2      | 1210 ||| READING scroll of teleportation.
  1210 | D:2      | HP: 1/20 [goblin/+0 club[Robin] (4)]
  1211 | D:2      | Killed Robin
  1212 | D:2      | Reached skill level 7 in Ranged Weapons
  1212 | D:2      | Slain by a goblin

Levels and vault maps discovered:
D:1:      ebering_hopf_link, layout_basic, hangedman_decor_push
D:2:      layout_basic, shapermc_ecumenical_altar_mp_ritualfount, uniq_robin

Skill      XL: |  1  2  3 |
---------------+----------+-----
Ranged Weapons | 6 7 |  7.1
Fighting       | |  1.5
Dodging        | |  2.4
Stealth        | |  1.2

Action                     || total
---------------------------++-------
   Fire: Shortbow          ||    94
    Use: Scroll            ||     6
 Armour: Leather armour    ||    34
  Dodge: Dodged            ||    35

Table legend:
 A = Non-vault XP
 B = Vault XP
 C = Vault XP percentage of total XP
 D = Non-vault monster count
 E = Vault monster count
 F = Vault count percentage of total count
                 A         B        C        D         E       F
            +---------+---------+-------+---------+---------+-------
      Total |      49 |      27 |  35.5 |      31 |       7 |  18.4
            +---------+---------+-------+---------+---------+-------
        D:1 |      22 |       0 |   0.0 |      16 |       0 |   0.0
        D:2 |      27 |      27 |  50.0 |      15 |       7 |  31.8
            +---------+---------+-------+---------+---------+-------
